Match 47127502
Unlisted

Match 47127502
End
Kradschützen Motorcycle Team
Panzergrenadier Squad
Panzergrenadier Squad
Panzergrenadier Squad
Construct Light Support Kompanie
Fire Support Elements
Flakvierling Half-track
2.5-tonne Medical Truck
Construct Panzerarmee Kommand
Combat Half-tracks
Advanced Field Repairs
Advanced Optics
Selects Italian Infantry
Selects Guastatori Squad
Selects Registered Artillery
Armored Reserves
Emergency Repair Kits
Vehicle Survival Package
Selects Towed Cannone da 105/28 Field Howitzer
Selects Defensive Operations
✡FOR THE GLORY OF KATHERINE✡
Tachanka
JoshueN
hogarthw
Lynx
Pega-sus
THE default
Mølle
0
0

Comments sign in to comment!

No comments posted yet!